 Dungeon Crawl Stone Soup version 0.25-a0-578-gc91f01c39c (webtiles) character file.

Game seed: 15562213620479009873, levelgen mode: deterministic

1416 Flugslaktarn the Chopper (level 8, -2/74 HPs)
             Began as a Deep Dwarf Fighter on Mar 5, 2020.
             Slain by a fire elemental (9 damage)
             ... summoned by a deep elf mage
             ... on level 6 of the Dungeon.
             The game lasted 00:01:24 (2186 turns).

Flugslaktarn the Chopper (Deep Dwarf Fighter)       Turns: 2186, Time: 00:01:25

Health: -2/74      AC:  7    Str: 25    XL:     8   Next: 43%
Magic:  0/6        EV:  8    Int:  8    God:
Gold:   153        SH: 11    Dex: 12    Spells: 7/7 levels left

rFire    . . .     SeeInvis .   a - +0 war axe
rCold    . . .     Gourm    .   c - +0 kite shield
rNeg     . . .     Faith    .   b - +0 scale mail
rPois    .         Spirit   +   (no helmet)
rElec    +         Reflect  .   (no cloak)
rCorr    .         Harm     .   (no gloves)
MR       +....     Rnd*Tele +   (no boots)
Stlth    +.........             j - amulet of Xycazuut {Spirit rElec Str+2 Stlth+}
HPRegen  0.00/turn              g - ring of teleportation (curse)
MPRegen  0.10/turn              (no ring)

@: non-regenerating
A: damage resistance, heal wounds, sense surroundings 1, no regeneration
a: Heal Wounds


You were on level 6 of the Dungeon.
You were not hungry.

You visited 1 branch of the dungeon, and saw 6 of its levels.

You collected 153 gold pieces.

Inventory:

Hand Weapons
 a - a +0 war axe (weapon)
Armour
 b - a +0 scale mail (worn)
 c - a +0 kite shield (worn)
Jewellery
 g - a cursed ring of teleportation (left hand)
   (You found it on level 2 of the Dungeon)
 i - an uncursed ring of fire
   (You found it on level 3 of the Dungeon)
 j - the amulet of Xycazuut (around neck) {Spirit rElec Str+2 Stlth+}
   (You found it on level 4 of the Dungeon)

   [amulet of guardian spirit]

   It causes incoming damage to be split between your health and magic.
   It affects your strength (+2).
   It insulates you from electricity.
   It makes you more stealthy.
 v - a +4 ring of dexterity {unknown}
   (You found it on level 6 of the Dungeon)
Wands
 n - a wand of iceblast (4)
   (You found it on level 4 of the Dungeon)
Scrolls
 f - 3 scrolls of teleportation {unknown}
 l - a scroll of blinking {unknown}
 m - 3 scrolls of remove curse {unknown}
 q - 3 scrolls of identify {unknown}
 t - 2 scrolls of amnesia {unknown}
 u - 2 scrolls of immolation
Potions
 d - a potion of might
 h - 4 potions of degeneration {unknown}
 k - 3 potions of heal wounds {unknown}
 o - a potion of mutation {unknown}
 p - 2 potions of curing {unknown}
 r - a potion of ambrosia {unknown}
 s - a potion of stabbing {unknown}
Comestibles
 e - 4 rations
 w - a chunk of flesh


   Skills:
 + Level 5.0 Fighting
 * Level 7.5 Axes
 + Level 6.0 Armour
 + Level 6.0 Shields


You had 7 spell levels left.
You didn't know any spells.
Your spell library was empty.

Dungeon Overview and Level Annotations

Branches:
Dungeon (6/15)
 Temple: D:4-7

Altars:
Fedhas
Sif Muna
Yredelemnul
Zin
The Shining One


Innate Abilities, Weirdness & Mutations

You are resistant to damage.
You can heal yourself by infusing magical energy.
You passively map a small area around you.
You do not regenerate.


Message History

A deep elf mage is nearby!
A deep elf mage is nearby!
The deep elf mage gestures wildly while chanting.
There is an open gate here.
You closely miss the fire elemental. The fire elemental hits you.
The fire elemental burns you!
You slash the deep elf mage!
The deep elf mage is moderately wounded.
You hit the fire elemental. You block the deep elf mage's attack.
The fire elemental hits you. The fire elemental burns you!
You miss the deep elf mage.
The deep elf mage is moderately wounded.
You hit the fire elemental. x2; You block the fire elemental's attack.
The fire elemental hits you. The fire elemental burns you!
* * * LOW HITPOINT WARNING * * *
You block the deep elf mage's attack. The fire elemental hits you.
The fire elemental burns you!
* * * LOW HITPOINT WARNING * * *
The fire elemental hits you. The fire elemental burns you!
You die...

.....#........#.#...###
...).#................#
.....#.)<.#..8...8..#,
....((.##.#..#...#..#
.....####.#..#...# # ,
.....## #.#..#...# *
..........#..#...# ,,
########..#..#...# * #
..#..#'E@# * * #
,.#..+$Ee+,,* * # *
,,+..°+,, ,* # ,+⌠.⌠+ ,
# ##### * , , , ,


You could see a deep elf mage and 2 fire elementals.

Vanquished Creatures
  2 ice beasts
  A phantom (D:4)
  2 sky beasts (D:6)
  3 ogres
  2 centaurs (D:6)
  2 bullfrogs (D:6)
  A howler monkey (D:6)
  5 crimson imps
  A hound (D:6)
  A bullfrog skeleton (D:4)
  2 worker ants (D:6)
  4 gnolls (D:6)
  3 adders
  2 oozes
  An adder skeleton (D:4)
  A worm (D:2)
  3 leopard geckos (D:6)
  2 orcs (D:5)
  A bat (D:2)
  A giant cockroach (D:6)
  A hobgoblin (D:1)
  2 jackals (D:6)
  3 quokkas
  2 frilled lizards
  2 jackal zombies (D:5)
  3 kobolds
  A rat (D:1)
54 creatures vanquished.

Notes
Turn   | Place    | Note
-------+----------+-------------------------------------------
     0 | D:1      | Flugslaktarn the Deep Dwarf Fighter began the quest for the
                  | Orb.
     0 | D:1      | Reached XP level 1. HP: 20/20 MP: 1/1
   130 | D:2      | Reached XP level 2. HP: 10/27 MP: 2/2
   182 | D:3      | Noticed a big kobold
   256 | D:4      | Noticed an ogre
   262 | D:4      | Killed an ogre
   262 | D:4      | Reached skill level 3 in Axes
   262 | D:4      | Reached XP level 3. HP: 18/34 MP: 3/3
   262 | D:4      | Reached XP level 4. HP: 23/42 MP: 4/4
   277 | D:5      | Entered Level 5 of the Dungeon
   320 | D:5      | Reached skill level 4 in Axes
   337 | D:4      | Noticed a phantom
   417 | D:4      | Killed a phantom
   417 | D:4      | Reached XP level 5. HP: 24/49 MP: 5/5
   462 | D:4      | Reached XP level 6. HP: 52/56 MP: 6/6
   469 | D:4      | Got a brightly glowing zirconium amulet
   470 | D:4      | Identified the amulet of Xycazuut {Spirit rElec Str+2
                  | Stlth+} (You found it on level 4 of the Dungeon)
   951 | D:5      | Reached skill level 5 in Axes
  1000 | D:5      | Found a blossoming altar of Fedhas.
  1556 | D:5      | Found a glowing golden altar of the Shining One.
  1584 | D:5      | Noticed an ice beast
  1598 | D:5      | Killed an ice beast
  1727 | D:6      | Reached XP level 7. HP: 45/64 MP: 0/7
  1797 | D:6      | Reached skill level 5 in Armour
  1797 | D:6      | Reached skill level 5 in Shields
  1798 | D:6      | Reached skill level 6 in Axes
  1874 | D:6      | Found a shimmering blue altar of Sif Muna.
  1874 | D:6      | Found a glowing silver altar of Zin.
  1884 | D:6      | Reached XP level 8. HP: 42/73 MP: 0/7
  1888 | D:6      | Reached skill level 7 in Axes
  2062 | D:6      | Found a basalt altar of Yredelemnul.
  2143 | D:6      | Reached skill level 5 in Fighting
  2182 | D:6      | Noticed a deep elf mage
  2186 | D:6      | Slain by a fire elemental

Levels and vault maps discovered:
D:1:      minmay_arrival_split_and_join, layout_basic
D:2:      layout_loops_cross, grunt_qazlal_sundering
D:3:      layout_basic, makhleb_grotto_becter, lemuel_crystal_altar,
          lightli_corner_chamber, uniq_jessica
D:4:      layout_loops_ring, first_ration
D:5:      layout_loops_corners, tso_altar, fedhas_altar_1
D:6:      layout_rooms, lemuel_round_altar, grunt_temple_overflow_open,
          nicolae_overflow_hidden_temple, guppyfry_early_elven_hall

Skill      XL: |  1  2  3  4  5  6  7  8 |
---------------+-------------------------+-----
Fighting       | 3 4 5 |  5.0
Axes           | 3 4 5 6 7 |  7.5
Armour         | 4 5 6 |  6.0
Shields        | 4 5 6 |  6.0

Action                   |  1- 3 |  4- 6 |  7- 9 || total
-------------------------+-------+-------+-------++-------
Melee: War axe           |    43 |   151 |   153 ||   347
 Abil: Heal Wounds       |     1 |     5 |     4 ||    10
  Use: Scroll            |       |     1 |       ||     1
  Eat: Chunk             |       |     1 |     1 ||     2
       Ration            |       |     1 |       ||     1
Armor: Scale mail        |    16 |    57 |    93 ||   166
Dodge: Dodged            |    12 |    34 |    55 ||   101
Block: Kite shield       |    18 |    73 |   101 ||   192

Table legend:
 A = Non-vault XP
 B = Vault XP
 C = Vault XP percentage of total XP
 D = Non-vault monster count
 E = Vault monster count
 F = Vault count percentage of total count
                 A         B        C        D         E       F
            +---------+---------+-------+---------+---------+-------
      Total |    2024 |       0 |   0.0 |      54 |       0 |   0.0
            +---------+---------+-------+---------+---------+-------
        D:1 |       5 |       0 |   0.0 |       4 |       0 |   0.0
        D:2 |       8 |       0 |   0.0 |       3 |       0 |   0.0
        D:3 |       1 |       0 |   0.0 |       1 |       0 |   0.0
        D:4 |     333 |       0 |   0.0 |       8 |       0 |   0.0
        D:5 |     339 |       0 |   0.0 |      11 |       0 |   0.0
        D:6 |    1338 |       0 |   0.0 |      27 |       0 |   0.0
            +---------+---------+-------+---------+---------+-------
